[Event "Caplin Hastings Masters 2023-24"]
[Site "Hastings"]
[Date "2023.12.28"]
[Round "1.22"]
[White "Vasiliadis, Theodoros"]
[Black "Unuk, Laura"]
[Result "0-1"]
[ECO "A13"]
[WhiteElo "1845"]
[BlackElo "2345"]
[Annotator "ChessBase"]
[PlyCount "134"]
[EventDate "2023.12.18"]
[EventType "swiss"]
[EventCountry "ENG"]
[SourceTitle "playchess.com"]
[Source "ChessBase"]
[SourceQuality "1"]
[TimeControl "40/6000+30:3000+30"]

1. Nf3 d5 2. g3 g6 3. Bg2 Bg7 4. c4 e6 5. d4 Ne7 6. O-O O-O 7. cxd5 exd5 8. Nc3 c6 9. b3 Nf5 10. e3 Nd7 11. Bb2 Re8 12. Re1 Nd6 13. Qc2 Nf6 14. Ne5 Ng4 15. Nxg4 Bxg4 16. h3 Bf5 17. Qd2 h5 18. f3 Be6 19. e4 dxe4 20. fxe4 Qa5 21. Rad1 Rad8 22. Qf2 Re7 23. Re2 Ne8 24. Red2 Red7 25. Na4 b6 26. Bc3 Qg5 27. Qf4 Qe7 28. d5 cxd5 29. exd5 Bxc3 30. Nxc3 Bf5 31. Kh2 Qd6 32. Qxd6 Nxd6 33. Bf3 Re7 34. Re2 Rc7 35. Na4 b5 36. Nb2 Rc3 37. Bg2 Rdc8 38. Rd4 Rc2 39. Rdd2 Rxd2 40. Rxd2 Rc3 41. Nd1 Rc1 42. Ne3 Bb1 43. a4 Rc3 44. Rb2 Rxe3 45. Rxb1 b4 46. a5 Kf8 47. a6 Ke7 48. Bf1 Rc3 49. Rb2 Kd7 50. Be2 f5 51. Kg2 Ne4 52. Bf3 Ng5 53. Be2 Kd6 54. h4 Ne4 55. Bf3 Kxd5 56. Rd2+ Kc6 57. Bxe4+ fxe4 58. Rd4 Rxb3 59. Rxe4 Kb5 60. Re6 Ra3 61. Rxg6 Rxa6 62. Rg5+ Kc4 63. Rxh5 b3 64. Rh7 b2 65. Rc7+ Kb3 66. Rb7+ Rb6 67. Rxb6+ axb6 0-1

[Event "Caplin Hastings Masters 2023-24"]
[Site "Hastings"]
[Date "2023.12.28"]
[Round "1.23"]
[White "Grutter, Tim"]
[Black "Patel, Zain"]
[Result "1-0"]
[ECO "B11"]
[WhiteElo "2342"]
[BlackElo "1841"]
[Annotator "ChessBase"]
[PlyCount "73"]
[EventDate "2023.12.18"]
[EventType "swiss"]
[EventCountry "ENG"]
[SourceTitle "playchess.com"]
[Source "ChessBase"]
[SourceQuality "1"]
[TimeControl "40/6000+30:3000+30"]

1. e4 c6 2. Nf3 d5 3. Nc3 Bg4 4. h3 Bxf3 5. Qxf3 e6 6. Be2 Nd7 7. d4 dxe4 8. Nxe4 Ngf6 9. Nd2 Be7 10. O-O O-O 11. Rd1 Qc7 12. Nc4 Nd5 13. Ne3 Nxe3 14. Bxe3 Nf6 15. c4 Rfd8 16. Rac1 Rac8 17. Bd3 Rd7 18. Bb1 c5 19. d5 Rcd8 20. Re1 Qb6 21. dxe6 fxe6 22. b3 Rf8 23. Bg5 Bd8 24. Qe2 Re8 25. Bxf6 gxf6 26. Qh5 Ree7 27. Bxh7+ Kf8 28. Bg6 Rg7 29. Rcd1 Rd4 30. Qh8+ Rg8 31. Qh6+ Rg7 32. Rd3 Qd6 33. Rg3 Rd1 34. Rxd1 Qxd1+ 35. Kh2 Qd4 36. Bh5 f5 37. Qh8+ 1-0

[Event "Caplin Hastings Masters 2023-24"]
[Site "Hastings"]
[Date "2023.12.28"]
[Round "1.24"]
[White "Ahn, Sungmin"]
[Black "Fischer, Daniel"]
[Result "1/2-1/2"]
[ECO "B33"]
[WhiteElo "1836"]
[BlackElo "2341"]
[Annotator "ChessBase"]
[PlyCount "61"]
[EventDate "2023.12.18"]
[EventType "swiss"]
[EventCountry "ENG"]
[SourceTitle "playchess.com"]
[Source "ChessBase"]
[SourceQuality "1"]
[TimeControl "40/6000+30:3000+30"]

1. e4 c5 2. Nf3 Nc6 3. d4 cxd4 4. Nxd4 Nf6 5. Nc3 e5 6. Ndb5 d6 7. Nd5 Nxd5 8. exd5 Nb8 9. c4 Be7 10. Bd3 O-O 11. O-O Nd7 12. Be3 a6 13. Nc3 f5 14. f3 Bg5 15. Bf2 Bh4 16. g3 Bg5 17. b4 b6 18. a4 a5 19. Nb5 Be7 20. c5 bxc5 21. bxc5 Nxc5 22. Bxc5 dxc5 23. d6 Bf6 24. Bc4+ Kh8 25. Qd5 Bd7 26. Nc7 Rb8 27. Qxc5 e4 28. Ra2 exf3 29. Rxf3 Qc8 30. Bb5 Qb7 31. Re3 1/2-1/2

[Event "Caplin Hastings Masters 2023-24"]
[Site "Hastings"]
[Date "2023.12.28"]
[Round "1.25"]
[White "Waldhausen Gordon, Frederick"]
[Black "Ruane, Brendan J"]
[Result "1-0"]
[ECO "A41"]
[WhiteElo "2338"]
[BlackElo "1823"]
[Annotator "ChessBase"]
[PlyCount "75"]
[EventDate "2023.12.18"]
[EventType "swiss"]
[EventCountry "ENG"]
[SourceTitle "playchess.com"]
[Source "ChessBase"]
[SourceQuality "1"]
[TimeControl "40/6000+30:3000+30"]

1. e4 g6 2. d4 Bg7 3. Nf3 d6 4. c4 Bg4 5. Be2 c5 6. d5 Nd7 7. O-O Qb6 8. Nbd2 Ngf6 9. h3 Bxf3 10. Bxf3 Ne5 11. Be2 g5 12. Qa4+ Nfd7 13. Nf3 Nxf3+ 14. Bxf3 Qb4 15. Qxb4 cxb4 16. a3 b3 17. Bxg5 Bxb2 18. Rab1 Bxa3 19. Rxb3 Bc5 20. Rxb7 f6 21. Bd2 Bb6 22. Ra1 h5 23. Be2 O-O-O 24. Rbxa7 Bxa7 25. Rxa7 Kb8 26. Be3 Rh7 27. f4 Nc5 28. Bxc5 dxc5 29. Ra5 Rc8 30. Rb5+ Ka7 31. h4 Rhh8 32. Bf3 Rc7 33. Kf2 e5 34. dxe6 Rd8 35. Ke3 Rd4 36. Rxc5 Rxe4+ 37. Bxe4 Rxc5 38. e7 1-0

[Event "Caplin Hastings Masters 2023-24"]
[Site "Hastings"]
[Date "2023.12.28"]
[Round "1.27"]
[White "Vestby-Ellingsen, Mads"]
[Black "Larkin, Benjamin"]
[Result "1-0"]
[ECO "D85"]
[WhiteElo "2329"]
[BlackElo "1814"]
[Annotator "ChessBase"]
[PlyCount "85"]
[EventDate "2023.12.18"]
[EventType "swiss"]
[EventCountry "ENG"]
[SourceTitle "playchess.com"]
[Source "ChessBase"]
[SourceQuality "1"]
[TimeControl "40/6000+30:3000+30"]

1. d4 Nf6 2. c4 g6 3. Nc3 d5 4. cxd5 Nxd5 5. Bd2 Nxc3 6. Bxc3 Bg7 7. e4 O-O 8. Qd2 c5 9. d5 e6 10. Bc4 exd5 11. Bxd5 Nd7 12. Bxg7 Kxg7 13. Ne2 Nf6 14. O-O-O Nxd5 15. exd5 b6 16. Nc3 Bb7 17. h4 Qd7 18. h5 Rae8 19. f3 Re5 20. g4 Rfe8 21. hxg6 fxg6 22. Ne4 Rxe4 23. fxe4 Rxe4 24. Kb1 Rd4 25. Qh2 Kg8 26. Rxd4 cxd4 27. Rf1 d3 28. Qf4 Qe8 29. d6 Bc8 30. Qc4+ Be6 31. Qxd3 Bxg4 32. Ka1 Bf5 33. Qd5+ Kg7 34. a3 Kf6 35. Qd4+ Kf7 36. Qc4+ Qe6 37. Qc7+ Ke8 38. Qb8+ Kd7 39. Qc7+ Ke8 40. Qb8+ Kd7 41. Qxa7+ Kxd6 42. Rd1+ Ke5 43. Qc7+ 1-0

[Event "Caplin Hastings Masters 2023-24"]
[Site "Hastings"]
[Date "2023.12.28"]
[Round "1.28"]
[White "Damodaran, Patrick"]
[Black "Rudd, Jack"]
[Result "0-1"]
[ECO "E39"]
[WhiteElo "1798"]
[BlackElo "2314"]
[Annotator "ChessBase"]
[PlyCount "124"]
[EventDate "2023.12.18"]
[EventType "swiss"]
[EventCountry "ENG"]
[SourceTitle "playchess.com"]
[Source "ChessBase"]
[SourceQuality "1"]
[TimeControl "40/6000+30:3000+30"]

1. d4 Nf6 2. c4 e6 3. Nc3 Bb4 4. Qc2 c5 5. dxc5 Nc6 6. Nf3 O-O 7. Bf4 Bxc5 8. a3 d5 9. cxd5 exd5 10. Bg5 Qb6 11. e3 d4 12. Bxf6 gxf6 13. Nd5 Qa5+ 14. Nd2 dxe3 15. fxe3 Rd8 16. Bc4 Be6 17. Nxf6+ Kf8 18. O-O-O Bxe3 19. Bxe6 Nd4 20. Nxh7+ Kg7 21. Qc3 Qxc3+ 22. bxc3 Nxe6 23. Rhf1 Rxd2 24. Rxd2 Rd8 25. Nf6 Rxd2 26. Kb1 Rxg2 27. Rf3 Bg5 28. Ne8+ Kg6 29. Nd6 Bf4 30. Nxb7 Rxh2 31. c4 Be5 32. Kc1 Nd4 33. Rd3 Rc2+ 34. Kd1 Rxc4 35. Na5 Rc5 36. Nb7 Rb5 37. Nd8 Rb8 38. Nxf7 Kxf7 39. Kd2 Rb2+ 40. Kc3 Rb3+ 41. Kc4 Rxd3 42. Kxd3 Ke6 43. Kc4 Kd6 44. Kb4 Kc6 45. Ka5 Bc7+ 46. Ka4 Bd6 47. Ka5 Bxa3 48. Ka6 Bc5 49. Ka5 Ne6 50. Ka6 Nc7+ 51. Ka5 Bb6+ 52. Kb4 a5+ 53. Ka4 Ne6 54. Ka3 Kb5 55. Kb3 a4+ 56. Ka3 Bc5+ 57. Kb2 Kb4 58. Ka2 a3 59. Kb1 Kb3 60. Ka1 Be3 61. Kb1 a2+ 62. Ka1 Bd4# 0-1

[Event "Caplin Hastings Masters 2023-24"]
[Site "Hastings"]
[Date "2023.12.28"]
[Round "1.29"]
[White "Lux, Hugo de Melo"]
[Black "Gibbs, Dominic V"]
[Result "1-0"]
[ECO "C10"]
[WhiteElo "2311"]
[BlackElo "1795"]
[Annotator "ChessBase"]
[PlyCount "119"]
[EventDate "2023.12.18"]
[EventType "swiss"]
[EventCountry "ENG"]
[SourceTitle "playchess.com"]
[Source "ChessBase"]
[SourceQuality "1"]
[TimeControl "40/6000+30:3000+30"]

1. e4 e6 2. d4 d5 3. Nc3 dxe4 4. Nxe4 Nd7 5. Nf3 Ngf6 6. Nxf6+ Nxf6 7. Bd3 c5 8. O-O cxd4 9. Nxd4 Bc5 10. Nb3 Bd6 11. c4 Qc7 12. h3 O-O 13. Bg5 Be7 14. Qf3 Bd7 15. Qe3 Rfd8 16. Rfd1 Ba4 17. Rac1 h6 18. Bf4 Bd6 19. Bxd6 Rxd6 20. Be2 b6 21. Rxd6 Qxd6 22. c5 bxc5 23. Qxc5 Qb6 24. Qxb6 axb6 25. Nd2 Bd7 26. a3 Rc8 27. Rxc8+ Bxc8 28. Bf3 Ba6 29. Bc6 Kf8 30. b4 Bd3 31. Nf3 Ke7 32. Ne5 Be4 33. Bb5 Nd5 34. f3 Nc3 35. fxe4 Nxb5 36. Nc4 Kd8 37. a4 Nc3 38. Nxb6 Kc7 39. a5 Nxe4 40. Nc4 Nc3 41. Kf2 f6 42. Na3 Kc6 43. a6 Kb6 44. b5 Ne4+ 45. Ke3 Nd6 46. Kd4 h5 47. a7 Kxa7 48. Kc5 Nb7+ 49. Kc6 Kb8 50. Nc4 e5 51. h4 e4 52. Kd5 f5 53. Ke5 g6 54. g3 Kc7 55. Kf6 Nd6 56. Ne3 f4 57. Nd5+ Kb7 58. Nxf4 e3 59. Kxg6 Kb6 60. Nd5+ 1-0

[Event "Caplin Hastings Masters 2023-24"]
[Site "Hastings"]
[Date "2023.12.28"]
[Round "1.30"]
[White "Flynn, David"]
[Black "Bozinakis, Pavlos"]
[Result "0-1"]
[ECO "B21"]
[WhiteElo "1791"]
[BlackElo "2274"]
[Annotator "ChessBase"]
[PlyCount "82"]
[EventDate "2023.12.18"]
[EventType "swiss"]
[EventCountry "ENG"]
[SourceTitle "playchess.com"]
[Source "ChessBase"]
[SourceQuality "1"]
[TimeControl "40/6000+30:3000+30"]

1. e4 c5 2. Nc3 e6 3. f4 d5 4. Nf3 dxe4 5. Nxe4 Nf6 6. Bb5+ Nbd7 7. Qe2 a6 8. Bxd7+ Bxd7 9. f5 Nxe4 10. fxe6 Bxe6 11. Qxe4 Be7 12. d3 O-O 13. O-O Bf6 14. Kh1 Re8 15. Qf4 Bd5 16. Be3 Bxb2 17. Rab1 Qf6 18. Qxf6 Bxf6 19. Bxc5 Rac8 20. d4 b5 21. Kg1 Bxa2 22. Ra1 Bc4 23. Rfe1 Rxe1+ 24. Rxe1 a5 25. Nd2 Bd5 26. c3 h5 27. Ne4 Bxe4 28. Rxe4 Rb8 29. Kf2 b4 30. cxb4 axb4 31. Re2 b3 32. Rb2 Rb5 33. Rb1 b2 34. Ke2 Bg5 35. Kd1 Bc1 36. Kc2 h4 37. Ba3 Rg5 38. g3 hxg3 39. hxg3 Rxg3 40. Bxb2 Bxb2 41. Kxb2 Rd3 0-1

[Event "Caplin Hastings Masters 2023-24"]
[Site "Hastings"]
[Date "2023.12.28"]
[Round "1.31"]
[White "Sarkar, Justin"]
[Black "Verbytski, Oleg"]
[Result "1/2-1/2"]
[ECO "E92"]
[WhiteElo "2272"]
[BlackElo "1771"]
[Annotator "ChessBase"]
[PlyCount "76"]
[EventDate "2023.12.18"]
[EventType "swiss"]
[EventCountry "ENG"]
[SourceTitle "playchess.com"]
[Source "ChessBase"]
[SourceQuality "1"]
[TimeControl "40/6000+30:3000+30"]

1. d4 Nf6 2. c4 g6 3. Nc3 Bg7 4. e4 d6 5. Nf3 O-O 6. Be2 e5 7. dxe5 dxe5 8. Qxd8 Rxd8 9. Bg5 Re8 10. Nd5 Nxd5 11. cxd5 c6 12. Bc4 cxd5 13. Bxd5 Nd7 14. Nd2 Nb6 15. Bb3 Be6 16. Bxe6 Rxe6 17. Rc1 Rc8 18. Rxc8+ Nxc8 19. Ke2 Rc6 20. Kd3 Nb6 21. b3 f6 22. Be3 Bf8 23. Nb1 Bc5 24. Rc1 Bxe3 25. Rxc6 bxc6 26. Kxe3 Kf7 27. Kd3 Ke6 28. Nd2 Kd6 29. a4 c5 30. Nc4+ Nxc4 31. Kxc4 Kc6 32. g4 g5 33. a5 a6 34. f3 h6 35. h3 Kd6 36. Kc3 Kc6 37. Kc4 Kd6 38. Kd3 Kc6 1/2-1/2

[Event "Caplin Hastings Masters 2023-24"]
[Site "Hastings"]
[Date "2023.12.28"]
[Round "1.32"]
[White "Blades, Kit"]
[Black "Nielsen, Andre"]
[Result "0-1"]
[ECO "C47"]
[WhiteElo "1771"]
[BlackElo "2239"]
[Annotator "ChessBase"]
[PlyCount "112"]
[EventDate "2023.12.18"]
[EventType "swiss"]
[EventCountry "ENG"]
[SourceTitle "playchess.com"]
[Source "ChessBase"]
[SourceQuality "1"]
[TimeControl "40/6000+30:3000+30"]

1. e4 e5 2. Nf3 Nc6 3. d4 exd4 4. Nxd4 Nf6 5. Nc3 Bb4 6. Nxc6 bxc6 7. Bd3 d5 8. exd5 cxd5 9. O-O O-O 10. Bg5 c6 11. Qf3 h6 12. Bxf6 Qxf6 13. Qxf6 gxf6 14. Ne2 Rb8 15. Rab1 Re8 16. Nd4 Rb6 17. Nf5 Bf8 18. b3 Re5 19. g4 Rb4 20. f4 Re8 21. c3 Rb8 22. Rbe1 Bd7 23. Kf2 a5 24. Rxe8 Rxe8 25. Re1 Re6 26. Ne3 Bd6 27. Bf5 Bxf4 28. Bxe6 fxe6 29. h3 c5 30. a3 Bd6 31. Rd1 Kf7 32. Nc2 Bc6 33. b4 Ba4 34. Rd2 axb4 35. axb4 Bxc2 36. Rxc2 cxb4 37. cxb4 Bxb4 38. Rc8 Bd2 39. Ke2 Bg5 40. Rc7+ Kg6 41. Re7 e5 42. Kd3 Bf4 43. Rd7 d4 44. Ke4 Kg5 45. Rd6 Kh4 46. Rxf6 Kxh3 47. Kf3 d3 48. Rf5 Kh2 49. Kf2 Bg3+ 50. Kf1 Kh3 51. g5 hxg5 52. Rxg5 e4 53. Rg8 e3 54. Rh8+ Bh4 55. Re8 Bg5 56. Kg1 d2 0-1

[Event "Caplin Hastings Masters 2023-24"]
[Site "Hastings"]
[Date "2023.12.28"]
[Round "1.33"]
[White "Beaumont, Chris R"]
[Black "Wilson, Matthew R"]
[Result "1-0"]
[ECO "E08"]
[WhiteElo "2236"]
[BlackElo "1771"]
[Annotator "ChessBase"]
[PlyCount "45"]
[EventDate "2023.12.18"]
[EventType "swiss"]
[EventCountry "ENG"]
[SourceTitle "playchess.com"]
[Source "ChessBase"]
[SourceQuality "1"]
[TimeControl "40/6000+30:3000+30"]

1. Nf3 d5 2. d4 Nf6 3. c4 e6 4. g3 Bb4+ 5. Bd2 Be7 6. Qc2 Ne4 7. Bg2 O-O 8. O-O Nd7 9. Bf4 c6 10. Nc3 f5 11. Rad1 g5 12. Bc1 Kh8 13. b3 Qe8 14. Nxe4 dxe4 15. Nxg5 Qg6 16. Nh3 Bf6 17. Nf4 Qf7 18. f3 Bxd4+ 19. Rxd4 e5 20. Rdd1 exf4 21. Bxf4 exf3 22. Bxf3 Qg7 23. e4 1-0

[Event "Caplin Hastings Masters 2023-24"]
[Site "Hastings"]
[Date "2023.12.28"]
[Round "1.34"]
[White "Park, Inchan"]
[Black "Boswell, Jacob Connor"]
[Result "0-1"]
[ECO "A81"]
[WhiteElo "1768"]
[BlackElo "2235"]
[Annotator "ChessBase"]
[PlyCount "94"]
[EventDate "2023.12.18"]
[EventType "swiss"]
[EventCountry "ENG"]
[SourceTitle "playchess.com"]
[Source "ChessBase"]
[SourceQuality "1"]
[TimeControl "40/6000+30:3000+30"]

1. d4 f5 2. Nf3 Nf6 3. g3 g6 4. Bg2 Bg7 5. O-O O-O 6. b3 d6 7. Bb2 Qe8 8. d5 e5 9. dxe6 Nc6 10. c4 Bxe6 11. Nc3 Rd8 12. Ng5 Bc8 13. Nd5 Nxd5 14. Bxd5+ Kh8 15. Qd2 Ne5 16. h4 Qe7 17. Nh3 Bf6 18. Ng5 Rde8 19. Rfe1 Qg7 20. Rab1 Re7 21. e3 Rfe8 22. Bg2 h6 23. Nh3 g5 24. hxg5 hxg5 25. f4 gxf4 26. exf4 Nf3+ 27. Bxf3 Qxg3+ 28. Kf1 Rxe1+ 29. Rxe1 Rxe1+ 30. Qxe1 Qxe1+ 31. Kxe1 Bxb2 32. Kd2 Bd4 33. Ng5 Bf6 34. Ke3 Kg7 35. Nh3 Bb2 36. Bg2 Bc1+ 37. Kf3 Bd7 38. Kg3 b5 39. cxb5 Bxb5 40. Nf2 Bd2 41. a4 Be2 42. Bd5 Kf6 43. Bf3 Ba6 44. Nd1 Bd3 45. Bd5 Bc2 46. Nf2 Ke7 47. Bc4 c6 0-1

[Event "Caplin Hastings Masters 2023-24"]
[Site "Hastings"]
[Date "2023.12.28"]
[Round "1.35"]
[White "Villiers, Thomas"]
[Black "Metcalfe, Charlie P"]
[Result "1-0"]
[ECO "C10"]
[WhiteElo "2230"]
[BlackElo "1760"]
[Annotator "ChessBase"]
[PlyCount "191"]
[EventDate "2023.12.18"]
[EventType "swiss"]
[EventCountry "ENG"]
[SourceTitle "playchess.com"]
[Source "ChessBase"]
[SourceQuality "1"]
[TimeControl "40/6000+30:3000+30"]

1. e4 e6 2. d4 d5 3. Nc3 dxe4 4. Nxe4 Nd7 5. Nf3 Ngf6 6. Nxf6+ Nxf6 7. Bd3 c5 8. Be3 Qc7 9. Qe2 Be7 10. O-O-O O-O 11. Kb1 a6 12. dxc5 Bxc5 13. Bxc5 Qxc5 14. Ne5 b5 15. g4 Bb7 16. g5 Nd5 17. Nd7 Qb4 18. Bxh7+ Kxh7 19. Qh5+ Kg8 20. Nf6+ Nxf6 21. gxf6 Be4 22. fxg7 Bxc2+ 23. Ka1 Kxg7 24. Qe5+ Kg8 25. Rhg1+ Bg6 26. Rd7 Kh7 27. Rd4 Qe7 28. Rg3 Kg8 29. Rdg4 Rac8 30. Rxg6+ fxg6 31. Rxg6+ Kf7 32. Rg7+ Ke8 33. Rxe7+ Kxe7 34. Qg5+ Kd7 35. Qg7+ Kc6 36. Qe5 Kd7 37. Kb1 Rf5 38. Qg7+ Kd6 39. h4 Rcc5 40. a3 Rfd5 41. Qf8+ Kd7 42. Qf7+ Kd6 43. Qe8 Re5 44. Qd8+ Kc6 45. Qc8+ Kb6 46. Qb8+ Kc6 47. Qa7 Kd5 48. Qxa6 Ke4 49. Qd6 Kf3 50. h5 Rxh5 51. Qxe6 Kxf2 52. Ka2 Rhe5 53. Qh3 Ke2 54. Qb3 Rc4 55. Qh3 Rcc5 56. Qg3 Kd2 57. Qf2+ Kd3 58. Kb3 Rc4 59. Qf3+ Kd4 60. Qf4+ Kd5 61. Qf7+ Kd4 62. Qa7+ Ke4 63. Ka2 Rd5 64. Qb7 Kd4 65. b3 Rc2+ 66. Kb1 Rdc5 67. Qg7+ Ke3 68. Qg3+ Kd2 69. Qf4+ Kd3 70. Qd6+ Ke2 71. Qe6+ Kd2 72. Qh6+ Kd1 73. Qh1+ Kd2 74. Qg2+ Kd1 75. Qg1+ Kd2 76. Qd4+ Ke2 77. b4 Rc1+ 78. Kb2 R1c2+ 79. Kb3 R5c4 80. Qe5+ Kd3 81. Qxb5 R2c3+ 82. Ka4 Kc2 83. Qe5 Kb1 84. Kb5 Rc7 85. Qe4+ Ka2 86. a4 Ka3 87. a5 Rc8 88. a6 Rb8+ 89. Ka5 Rh3 90. b5 Rb3 91. Qa4+ Kb2 92. a7 Rg8 93. b6 Rg5+ 94. Ka6 Ra3 95. Qxa3+ Kxa3 96. a8=Q 1-0

[Event "Caplin Hastings Masters 2023-24"]
[Site "Hastings"]
[Date "2023.12.28"]
[Round "1.37"]
[White "Juknis, Paulius"]
[Black "Alcindor, Samuel"]
[Result "1-0"]
[ECO "B07"]
[WhiteElo "2148"]
[BlackElo "1714"]
[Annotator "NA"]
[PlyCount "71"]
[EventDate "2023.12.18"]
[EventType "swiss"]
[EventCountry "ENG"]
[SourceTitle "playchess.com"]
[Source "ChessBase"]
[SourceQuality "1"]
[TimeControl "40/6000+30:3000+30"]

1. e4 d6 2. Nc3 Nf6 3. d4 g6 4. Bf4 c6 5. Qd2 b5 6. e5 dxe5 7. dxe5 Qxd2+ 8. Bxd2 Ng4 9. f4 Bg7 10. h3 Nh6 11. g4 a5 12. Bg2 Ra6 13. Ne4 Nd7 14. Ne2 O-O 15. Nd4 f5 16. Ng5 Bb7 17. Nge6 Rb8 18. g5 c5 19. Bxb7 Rxb7 20. gxh6 Bxh6 21. Nxf5 Bxf4 22. Nxe7+ Kf7 23. Nd8+ Kxe7 24. Nxb7 Bxe5 25. Nxa5 c4 26. Bb4+ Ke6 27. O-O-O Nf6 28. Rhe1 Kf5 29. Kb1 Bg3 30. Rf1+ Kg5 31. Be7 Rxa5 32. Bxf6+ Kh6 33. Rd5 Ra7 34. Rxb5 Rf7 35. Bg5+ Kg7 36. Bh6+ 1-0

[Event "Caplin Hastings Masters 2023-24"]
[Site "Hastings"]
[Date "2023.12.28"]
[Round "1.38"]
[White "Han, Qixiang"]
[Black "Hobson, Kenneth"]
[Result "1-0"]
[ECO "E11"]
[WhiteElo "1711"]
[BlackElo "2130"]
[Annotator "ChessBase"]
[PlyCount "145"]
[EventDate "2023.12.18"]
[EventType "swiss"]
[EventCountry "ENG"]
[SourceTitle "playchess.com"]
[Source "ChessBase"]
[SourceQuality "1"]
[TimeControl "40/6000+30:3000+30"]

1. d4 Nf6 2. c4 e6 3. g3 d5 4. Bg2 Bb4+ 5. Bd2 Be7 6. Nf3 O-O 7. O-O c6 8. Nc3 a5 9. Bf4 Nbd7 10. Qd3 b6 11. e4 dxc4 12. Qxc4 Ba6 13. Qxc6 Rc8 14. Qa4 Bxf1 15. Rxf1 Bb4 16. e5 Bxc3 17. exf6 Bxb2 18. fxg7 Re8 19. Ng5 Nf6 20. Bb7 Qxd4 21. Qxd4 Bxd4 22. Bxc8 Rxc8 23. Nf3 Bc3 24. Rc1 Nd5 25. Be5 f6 26. Bd6 Kxg7 27. Nd4 Kf7 28. Nb5 Rc6 29. Ba3 a4 30. Bb2 Bxb2 31. Rxc6 a3 32. Rc4 e5 33. Ra4 Kg6 34. Nxa3 Nc3 35. Ra6 Nd5 36. Nc4 Bd4 37. Ra8 Bc5 38. Kg2 Nb4 39. Nd2 Nd3 40. Ne4 Bd4 41. Ra3 Nb4 42. Kf1 Kf5 43. Nd2 Nd5 44. Ra7 h6 45. Nb3 Bb2 46. Ke2 b5 47. Kd1 b4 48. Kc2 Bc3 49. Kd3 Be1 50. f3 h5 51. Ra5 Nc7 52. Kc4 Ne6 53. Rb5 Kg6 54. Rd5 Ng5 55. Rd3 Nf7 56. Rd1 Bf2 57. Kxb4 f5 58. Nc5 Ng5 59. f4 Ne4 60. Nd3 exf4 61. Nxf4+ Kh6 62. a4 h4 63. gxh4 Bxh4 64. a5 Be7+ 65. Kc4 Bd6 66. a6 Bb8 67. Ne6 Ba7 68. Rd7 Bg1 69. Nd4 Nf6 70. Rd6 Kg7 71. a7 Ne4 72. Rd7+ Kg6 73. a8=Q 1-0

[Event "Caplin Hastings Masters 2023-24"]
[Site "Hastings"]
[Date "2023.12.28"]
[Round "1.39"]
[White "Southcott-Moyers, Indy"]
[Black "Butt, Laurence"]
[Result "1-0"]
[ECO "A84"]
[WhiteElo "2123"]
[BlackElo "1688"]
[Annotator "ChessBase"]
[PlyCount "115"]
[EventDate "2023.12.18"]
[EventType "swiss"]
[EventCountry "ENG"]
[SourceTitle "playchess.com"]
[Source "ChessBase"]
[SourceQuality "1"]
[TimeControl "40/6000+30:3000+30"]

1. d4 d5 2. c4 e6 3. Nf3 f5 4. Nc3 Nf6 5. Bf4 Be7 6. e3 O-O 7. Bd3 c6 8. Qc2 Ne4 9. h3 Nd7 10. Bh2 a6 11. O-O b5 12. c5 a5 13. Ne2 g5 14. Ne5 Nxe5 15. Bxe5 Ba6 16. f3 Nf6 17. a3 Nd7 18. Bh2 Nf6 19. b4 Rf7 20. Nc1 Bc8 21. Nb3 a4 22. Na5 Qd7 23. Be5 Bd8 24. e4 Bxa5 25. bxa5 f4 26. Rae1 Rxa5 27. Bxf6 Rxf6 28. exd5 Qxd5 29. Qc3 Ra7 30. Re5 Qb3 31. Rxg5+ Kf7 32. Rc1 Qxc3 33. Rxc3 Rd7 34. Bxh7 Rxd4 35. Be4 Bd7 36. Kf2 Rd2+ 37. Ke1 Rb2 38. Bc2 Ra2 39. Kd2 Ra1 40. Rd3 Be8 41. Rc3 Rh6 42. Be4 Ra2+ 43. Kc1 Kf6 44. Rg4 Ke5 45. Rg8 Kd4 46. Rd3+ Kxc5 47. Rxe8 Rxg2 48. Rc8 e5 49. Rc3+ Kb6 50. R8xc6+ Rxc6 51. Rxc6+ Ka5 52. Rc5 Ra2 53. Bd3 Kb6 54. Rxb5+ Kc6 55. Rxe5 Rxa3 56. Be4+ Kb6 57. Kb2 Re3 58. h4 1-0

[Event "Caplin Hastings Masters 2023-24"]
[Site "Hastings"]
[Date "2023.12.28"]
[Round "1.40"]
[White "Rastogi, Nayan Keats"]
[Black "Ismail, Mohammed Aayan"]
[Result "0-1"]
[ECO "B12"]
[WhiteElo "1662"]
[BlackElo "2115"]
[Annotator "ChessBase"]
[PlyCount "100"]
[EventDate "2023.12.18"]
[EventType "swiss"]
[EventCountry "ENG"]
[SourceTitle "playchess.com"]
[Source "ChessBase"]
[SourceQuality "1"]
[TimeControl "40/6000+30:3000+30"]

1. e4 c6 2. d4 d5 3. e5 Bf5 4. Nf3 e6 5. c3 Bg6 6. Be2 Nh6 7. Bxh6 gxh6 8. O-O Bg7 9. Re1 Nd7 10. Nbd2 O-O 11. Nf1 f6 12. exf6 Qxf6 13. Bd3 Rae8 14. Bxg6 Qxg6 15. Qb1 Qf7 16. Qc2 e5 17. dxe5 Nxe5 18. Re3 Nc4 19. Rxe8 Rxe8 20. Re1 Rxe1 21. Nxe1 Qe6 22. Nf3 Qe4 23. Qxe4 dxe4 24. N3d2 Nxb2 25. Nxe4 Nd3 26. Ne3 Nc1 27. a3 Ne2+ 28. Kf1 Nxc3 29. Nd6 Bf8 30. Nxb7 Bxa3 31. Na5 c5 32. Nc6 a6 33. Nc2 Bc1 34. Nb8 a5 35. Nd7 Na4 36. g3 Bb2 37. f4 Kf7 38. Ne3 Ke6 39. Ne5 Bxe5 40. fxe5 Nb6 41. Ke2 c4 42. Ng4 a4 43. Kd2 a3 44. Kc2 Nd5 45. Nf2 Nb4+ 46. Kb1 Kxe5 47. Nd1 Kd4 48. g4 c3 49. Nxc3 Kxc3 50. g5 a2+ 0-1

[Event "Caplin Hastings Masters 2023-24"]
[Site "Hastings"]
[Date "2023.12.28"]
[Round "1.41"]
[White "Bai, Xue"]
[Black "Dewangan, Aayush"]
[Result "1-0"]
[ECO "B81"]
[WhiteElo "2099"]
[BlackElo "1655"]
[Annotator "NA"]
[PlyCount "113"]
[EventDate "2023.12.18"]
[EventType "swiss"]
[EventCountry "ENG"]
[SourceTitle "playchess.com"]
[Source "ChessBase"]
[SourceQuality "1"]
[TimeControl "40/6000+30:3000+30"]

1. e4 c5 2. Nf3 d6 3. d4 cxd4 4. Nxd4 Nf6 5. Nc3 a6 6. h3 e6 7. g4 d5 8. exd5 Nxd5 9. Bg2 Bb4 10. Qd3 O-O 11. O-O Bxc3 12. bxc3 Qc7 13. Bxd5 exd5 14. Ba3 Rd8 15. Rfe1 Nc6 16. Nxc6 Qxc6 17. Qd4 Be6 18. f4 Qc4 19. f5 Qxd4+ 20. cxd4 Bd7 21. Re5 Bc6 22. g5 Re8 23. Be7 Rac8 24. Rae1 Rc7 25. f6 g6 26. c3 Rd7 27. h4 Bb5 28. Kf2 Bd3 29. Bc5 Re6 30. Rxe6 fxe6 31. Rxe6 Kf7 32. Rb6 Bb5 33. Kf3 Bc6 34. Kf4 Rd8 35. Ke5 Bb5 36. Rxb7+ Rd7 37. Rxd7+ Bxd7 38. Kxd5 Be6+ 39. Kc6 Bxa2 40. d5 Ke8 41. d6 Be6 42. f7+ Kxf7 43. d7 Bxd7+ 44. Kxd7 a5 45. Kc6 Ke6 46. Kb5 Kf5 47. Kxa5 Kg4 48. Be7 Kxh4 49. c4 Kg4 50. c5 Kf5 51. Kb6 h5 52. gxh6 Ke6 53. h7 Kxe7 54. h8=Q Kd7 55. Qf6 Kc8 56. Qe7 g5 57. Qc7# 1-0

[Event "Caplin Hastings Masters 2023-24"]
[Site "Hastings"]
[Date "2023.12.28"]
[Round "1.42"]
[White "Prudent, Sylvio"]
[Black "Brown, Thomas"]
[Result "0-1"]
[ECO "A06"]
[WhiteElo "1639"]
[BlackElo "2095"]
[Annotator "NA"]
[PlyCount "64"]
[EventDate "2023.12.18"]
[EventType "swiss"]
[EventCountry "ENG"]
[SourceTitle "playchess.com"]
[Source "ChessBase"]
[SourceQuality "1"]
[TimeControl "40/6000+30:3000+30"]

1. b3 d5 2. Bb2 Bf5 3. e3 e6 4. Nf3 Nf6 5. Be2 h6 6. O-O Bd6 7. Ne5 Nbd7 8. d4 O-O 9. f4 c5 10. Nd2 Rc8 11. Rc1 cxd4 12. exd4 Ne4 13. c4 Bxe5 14. Nxe4 Bxf4 15. Rxf4 Bxe4 16. Qe1 f5 17. Qb4 Qb6 18. Qe7 Rf7 19. Qa3 g5 20. Rf2 Nf6 21. c5 Qd8 22. b4 a6 23. Qh3 h5 24. Qg3 Ng4 25. Bxg4 hxg4 26. Qe5 Qe7 27. Re1 Rcf8 28. a4 Qf6 29. Qg3 Qh6 30. Qd6 f4 31. b5 g3 32. hxg3 fxg3 0-1